 Dungeon Crawl Stone Soup version 0.26-a0-818-g75db068ed4 (webtiles) character file.

Game seed: 11357242886639660679

78 reriks the Chucker (level 4, -7/45 HPs)
             Began as an Ogre Hunter on Nov 14, 2020.
             Was an Initiate of Zin.
             Killed by divine providence
             ... invoked by an orc priest
              (15 damage)
             ... on level 3 of the Dungeon.
             The game lasted 00:03:29 (2869 turns).

reriks the Chucker (Ogre Hunter)                    Turns: 2869, Time: 00:03:29

Health: -7/45      AC:  3    Str: 17    XL:     4   Next: 36%
Magic:  4/4        EV: 10    Int: 12    God:    Zin [......]
Gold:   26         SH:  0    Dex:  9    Spells: 3/3 levels left

rFire    . . .     SeeInvis .   j - +0 whip (venom)
rCold    . . .     Faith    +   (no shield)
rNeg     . . .     Spirit   .   b - +0 robe
rPois    .         Reflect  .   (helmet restricted)
rElec    .         Harm     .   (no cloak)
rCorr    .         Rampage  .   (gloves unavailable)
MR       .....                  (boots unavailable)
Stlth    +.........             q - amulet of faith
HPRegen  0.15/turn              (no ring)
MPRegen  0.09/turn              (no ring)

@: no status effects
A: large, unfitting armour, tough skin 1
a: Donate Gold, Renounce Religion


You were on level 3 of the Dungeon.
You worshipped Zin.
Zin was noncommittal.
You visited 1 branch of the dungeon, and saw 3 of its levels.

You collected 60 gold pieces.
You donated 34 gold pieces to Zin.

Inventory:

Hand Weapons
 a - a +0 short sword
 h - a +1 mace
 j - a +0 whip of venom (weapon)
Missiles
 c - 4 large rocks
 d - 2 throwing nets
 f - 29 poisoned darts (quivered)
 g - 21 stones
 l - 4 javelins
Armour
 b - a +0 robe (worn)
Jewellery
 q - an amulet of faith (around neck)
Scrolls
 e - a scroll of identify
 o - a scroll of teleportation
Potions
 i - a potion of curing {unknown}
 m - 2 potions of heal wounds
 n - a potion of haste


   Skills:
 + Level 3.3 Fighting
 * Level 4.6 Throwing
 + Level 1.1 Armour
 + Level 2.2 Dodging
 + Level 1.3 Stealth


You had 3 spell levels left.
You didn't know any spells.
Your spell library was empty.

Dungeon Overview and Level Annotations

Branches:
Dungeon (3/15)

Altars:
Fedhas
Zin


Innate Abilities, Weirdness & Mutations

You are too large for most types of armour.
You have tough skin. (AC +1)


Message History

Beogh smites you!
Throwing (i - inventory. (/) - cycle)
f - 30 poisoned darts (quivered)
Press: ? - help, Shift-Dir - straight line, f - orc, p - orc priest
Aim: an orc, wielding a +0 morningstar You throw a poisoned dart.
The poisoned dart barely misses the orc.
The poisoned dart hits the orc priest.
The orc priest looks even sicker.
The orc priest is moderately wounded.
You start resting.
An orc is nearby!
The orc misses you.
You barely miss the orc. The orc misses you.
You closely miss the orc. The orc hits you with a +0 morningstar.
The orc hits you with a cursed +0 war axe!
You barely miss the orc. The orc hits you with a +0 morningstar!
The orc hits you with a cursed +0 war axe!
* * * LOW HITPOINT WARNING * * *
The orc priest calls down the wrath of Beogh upon you.
Beogh smites you!
You die...

......####... #...
.............#####..####
......... #............
....... #............ #....
#............ #...#
#..........## .
#...##########....... ..o
#.)o.†..=#####.......
..o..###.oo@................
((.o....##............####.#
(###.#..##......[.....####.#
#..########......#....# #..#
........#....# #..#
.....#####..... #...
......#...###... #...
......#...# #... #...
####...###...


You could see an orc priest (poisoned) and 2 orcs.

Vanquished Creatures
  4 adders
  2 worms (D:2)
  A dart slug (D:3)
  2 leopard geckos
  2 ball pythons
  4 bats
  A goblin (D:2)
  2 hobgoblins
  4 jackals (D:1)
  A frilled lizard (D:1)
  6 kobolds
  5 rats
34 creatures vanquished.

Notes
Turn   | Place    | Note
-------+----------+-------------------------------------------
     0 | D:1      | reriks the Ogre Hunter began the quest for the Orb.
     0 | D:1      | Reached XP level 1. HP: 22/22 MP: 1/1
   308 | D:1      | Reached XP level 2. HP: 28/29 MP: 2/2
  1175 | D:2      | Reached skill level 1 in Stealth
  1515 | D:2      | Reached XP level 3. HP: 37/37 MP: 3/3
  1691 | D:2      | Found a blossoming altar of Fedhas.
  1731 | D:2      | Found a glowing silver altar of Zin.
  1960 | D:2      | Became a worshipper of Zin the Law-Giver
  1961 | D:2      | Donated 28 gold pieces to Zin
  2234 | D:2      | Reached skill level 1 in Armour
  2548 | D:3      | Reached XP level 4. HP: 23/45 MP: 4/4
  2869 | D:3      | Killed from afar by an orc priest

Illustrated notes

Levels and vault maps discovered:
D:1:      dpeg_arrival_renting, layout_loops_ring, minmay_statues_item,
          minmay_misc_feat_hallway, hangedman_decor_diamond_cutter
D:2:      layout_basic, zin_academy, fedhas_altar_2
D:3:      layout_basic, corexii_corridor_pit, nrook_mini_backslash

Skill      XL: |  1  2  3 |
---------------+----------+-----
Fighting       | 3 |  3.3
Dodging        | 2 |  2.2
Stealth        | 1 |  1.3
Armour         | 1 |  1.1
Throwing       | |  4.6

Action                   |  1- 3 |  4- 6 || total
-------------------------+-------+-------++-------
Melee: Short sword       |    31 |       ||    31
       Mace              |    47 |       ||    47
       Whip              |     8 |     7 ||    15
Throw: Javelin           |     8 |     1 ||     9
       Large rock        |     3 |     1 ||     4
       Stone             |     1 |       ||     1
       Dart              |       |     4 ||     4
Invok: Donate Gold       |     1 |       ||     1
  Use: Scroll            |     7 |     2 ||     9
 Stab: Sleeping          |     1 |       ||     1
Armor: Robe              |    26 |       ||    26
Dodge: Dodged            |    60 |     6 ||    66

Table legend: (Time is in decaauts)
 A = Elapsed time spent in this place.
 B = Non-inter-level travel time spent in this place.
 C = Inter-level travel time spent in this place.
 D = Time resting spent in this place.
 E = Time spent auto-exploring this place.
 F = Levels seen in this place.
 G = Mean time per level.
                   A        B        C        D        E       F      G
               +--------+--------+--------+--------+--------+-----+--------+
         Total |   2896 |   2798 |     98 |    952 |   1450 |   3 |  965.3 |
       Dungeon |   2896 |   2798 |     98 |    952 |   1450 |   3 |  965.3 |
               +--------+--------+--------+--------+--------+-----+--------+

Top non-repeatable levels by time:
     D:1: 1432 daAuts
     D:2: 950 daAuts
     D:3: 514 daAuts
